 Dungeon Crawl Stone Soup version 0.30.1 (webtiles) character file.

Game seed: 17207067575122048055

4 Babbit the Magician (level 1, 14/15 HPs)
             Began as a Djinni Fire Elementalist on July 11, 2023.
             Quit the game on level 1 of the Dungeon.
             The game lasted 00:02:21 (29 turns).

Babbit the Magician (Djinni Fire Elementalist)        Turns: 29, Time: 00:02:21

Health: 14/15      AC:  2    Str:  7    XL:     1   Next: 66%
Gold:   0          EV: 12    Int: 16    God:
                   SH:  0    Dex: 13

rFire   + + .        (no weapon)
rCold   x . .        (no shield)
rNeg    . . .        a - +0 robe
rPois   ∞            (no helmet)
rElec   .            (no cloak)
rCorr   .            (no gloves)
SInv    .            (boots unavailable)
Will    .....        (no amulet)
Stlth   ++           (no ring)
HPRegen 0.22/turn    (no ring)
MPRegen 0.00/turn

%: no passive effects
@: flying
A: sickness immunity, fire resistance 2, cold vulnerability 1, float, innate
caster, HP casting, extra vitality 1
a: no special abilities


You were on level 1 of the Dungeon.
You visited 1 branch of the dungeon, and saw 1 of its levels.

Inventory:

Armour
 a - a +0 robe (worn)


   Skills:
 + Level 2.2 Dodging
 + Level 1.5 Stealth
 + Level 2.6 Spellcasting


You knew the following spells:

 Your Spells              Type           Power      Damage    Failure   Level
a - Foxfire               Conj/Fire      40%        2x1d6     7%          1
b - Scorch                Fire           20%        2d6       10%         2
c - Volatile Blastmotes   Fire/Tloc      20%        2d11      21%         3
d - Inner Flame           Hex/Fire       10%        N/A       21%         3
e - Flame Wave            Conj/Fire      10%        2d6       54%         4
Your spell library was empty.

Dungeon Overview and Level Annotations

Branches:
Dungeon (1/15)

Altars:


Innate Abilities, Weirdness & Mutations

You are immune to sickness and miasma.
You are immune to poison.
Your flesh is very heat resistant. (rF++)
You are vulnerable to cold. (rC-)
You float through the air rather than walking.
You learn spells naturally, not from books.
Your magical power is your life essence.
You have superior vitality. (+4 MHP)


Message History

Unknown command.
The foxfire hits the hobgoblin.
The hobgoblin is moderately wounded.
The foxfire hits the hobgoblin.
The hobgoblin is severely wounded.
A goblin comes into view. It is wielding a +0 club.
Casting: Foxfire (safe; 7% risk of failure)
Confirm with . or Enter, or press ? or * to list all spells.
Okay, then.
Casting: Foxfire (safe; 7% risk of failure)
Confirm with . or Enter, or press ? or * to list all spells.
You conjure some foxfire!
The goblin shouts!
The foxfire hits the hobgoblin but does no damage.
The hobgoblin is severely wounded.
The foxfire hits the hobgoblin.
You kill the hobgoblin!
The ball python bites you. The ball python barely misses you.
Casting: Foxfire (safe; 7% risk of failure)
Confirm with . or Enter, or press ? or * to list all spells.
You conjure some foxfire!
The ball python bites you but does no damage.
The ball python closely misses you.
Unknown command.
Your foxfire dissipates!
The foxfire hits the ball python.
You kill the ball python!
Casting: Foxfire (safe; 7% risk of failure)
Confirm with . or Enter, or press ? or * to list all spells.
You conjure some foxfire!
The foxfire hits the goblin.
You kill the goblin!
You hear a splash.
Your foxfire dissipates!
Things that are here:
a +0 club; a hobgoblin corpse
Things that are here:
a +0 club; a hobgoblin corpse Unknown command.
Are you sure you want to abandon this character and quit the game? (Confirm with "yes".)

#.#.~...#
~~~.###.#.#.~>..#
..~...#.#.#.~...###
######.~~~.#.#.#.~.....
..)......~...#.#.~...#
##.~~~~~.~~~.#...~...#
...~...~...~.#.~†~...#
.~~~.~.~~~.~.#.).#
.~...~.....~..@~.#
~~.~~~.<.~~~.~~~.#
...~.....~...~...#
.#.~.~~~.~.~~~)###
#.~...~...~...#
#.~~~.~~~~~.###
#...~...........
#.#.~~~.########
#.#...~..


There were no monsters in sight!

Vanquished Creatures
  A giant cockroach (D:1)
  A hobgoblin (D:1)
  A ball python (D:1)
  A goblin (D:1)
4 creatures vanquished.

Vanquished Creatures (others)
  9 foxfires (D:1)
9 creatures vanquished.

Grand Total: 13 creatures vanquished

Notes
Turn   | Place    | Note
-------+----------+-------------------------------------------
     0 | D:1      | Babbit the Djinni Fire Elementalist began the quest for the
                  | Orb.
     0 | D:1      | Babbit set off with the following spells memorised:
                  | Foxfire, Scorch, Volatile Blastmotes, Inner Flame, Flame
                  | Wave.
     0 | D:1      | Reached XP level 1. HP: 15/15 MP: 0/0
    29 | D:1      | Quit the game

Illustrated notes

Levels and vault maps discovered:
D:1:      psy_arrival_radial02, layout_loops_ring, chequers_big_river,
          minmay_tiny_reverse_x

Action                     || total
---------------------------++-------
   Cast: Foxfire           ||     5
 Armour: Robe              ||     1
  Dodge: Dodged            ||     2
